| TOP OF THE 1ST |
|
San Antonio Missions batting - Pitching for Amarillo Gold Sox : RHP Christopher DiLorenzo
|
|
Pitching: RHP Christopher DiLorenzo
|
|
|
Batting: RHB Ivan Calderon
|
0-0: Fly out, F3 (Popup, 3SF, EV 69.4 MPH)
|
|
Batting: RHB Amos Lewis
|
0-0: Ball 1-0: Swinging Strike 1-1: Foul Ball, location: 2F 1-2: Ball 2-2: Ball 3-2: Foul Ball, location: 2F 3-2: Fly out, F4 (Flyball, 34D, EV 79.4 MPH)
|
|
Batting: RHB Ed Hearn
|
0-0: Ball 1-0: Ground out 4-3 (Groundball, 4M, EV 108.1 MPH)
|
| Top of the 1st over - 0 runs, 0 hits, 0 errors, 0 left on base; San Antonio 0 - Amarillo 0 |
| BOTTOM OF THE 1ST |
|
Amarillo Gold Sox batting - Pitching for San Antonio Missions : RHP Gordon Crane
|
|
Pitching: RHP Gordon Crane
|
|
|
Batting: SHB Mike Felder
|
0-0: Ball 1-0: Ball 2-0: Ball 3-0: Called Strike 3-1: Foul Ball, location: 2F 3-2: Base on Balls
|
|
Batting: LHB Hector Arroyo
|
0-0: Ball Mike Felder steals 2nd base 1-0: Ball 2-0: SINGLE (Line Drive, 78M, EV 89.4 MPH) Mike Felder to third Runner from 3rd tries for Home, SAFE, throw by LF to home Hector Arroyo to second
|
|
Batting: SHB Al Newman
|
0-0: Ball 1-0: Ball 2-0: Ball 3-0: Called Strike 3-1: Called Strike 3-2: SINGLE (Groundball, 6D, EV 107.5 MPH) Hector Arroyo to third Runner from 3rd tries for Home, SAFE, throw by CF to home
|
|
Batting: RHB Bill Pecota
|
0-0: Ball 1-0: Swinging Strike 1-1: Grounds into double play, 5-4-3 (Groundball, 56, EV 99.4 MPH)
|
|
Batting: SHB Steve Jeltz
|
0-0: Swinging Strike 0-1: Ball 1-1: Ball 2-1: Ball 3-1: Swinging Strike 3-2: Foul Ball, location: 2F 3-2: Fly out, F9 (Flyball, 9LD, EV 101.9 MPH)
|
| Bottom of the 1st over - 2 runs, 2 hits, 0 errors, 0 left on base; San Antonio 0 - Amarillo 2 |
| TOP OF THE 2ND |
|
San Antonio Missions batting - Pitching for Amarillo Gold Sox : RHP Christopher DiLorenzo
|
|
Batting: RHB Larry Hamilton
|
0-0: Ball 1-0: Called Strike 1-1: Called Strike 1-2: Fly out, F7 (Flyball, 7S, EV 93.8 MPH)
|
|
Batting: LHB Lee Pruitt
|
0-0: Foul Ball, location: 2F 0-1: Foul Ball, location: 2F 0-2: Ball 1-2: Fly out, F9 (Flyball, 9, EV 78.8 MPH)
|
|
Batting: RHB Jack Clark
|
0-0: Ball 1-0: SINGLE (Line Drive, 89S, EV 102.5 MPH)
|
|
Batting: LHB Jerold Johnston
|
0-0: Called Strike 0-1: Ball 1-1: Ball 2-1: Called Strike 2-2: Ball 3-2: Foul Ball, location: 2F 3-2: Base on Balls Jack Clark to second
|
|
Batting: LHB Matt Nokes
|
0-0: Called Strike 0-1: Ball 1-1: Fly out, F8 (Line Drive, 8LM, EV 98.8 MPH)
|
| Top of the 2nd over - 0 runs, 1 hit, 0 errors, 2 left on base; San Antonio 0 - Amarillo 2 |
| BOTTOM OF THE 2ND |
|
Amarillo Gold Sox batting - Pitching for San Antonio Missions : RHP Gordon Crane
|
|
Batting: LHB Derwin McNealy
|
0-0: Ball 1-0: Foul Ball, location: 2F 1-1: Called Strike 1-2: Strikes out swinging
|
|
Batting: RHB Chino Cadahia
|
0-0: Ball 1-0: Swinging Strike 1-1: Ground out U3 (Groundball, 3S, EV 85.0 MPH)
|
|
Batting: RHB Vic Alvarado
|
0-0: Foul Ball, location: 2F 0-1: Ground out 6-3 (Groundball, 6, EV 103.1 MPH)
|
| Bottom of the 2nd over - 0 runs, 0 hits, 0 errors, 0 left on base; San Antonio 0 - Amarillo 2 |
| TOP OF THE 3RD |
|
San Antonio Missions batting - Pitching for Amarillo Gold Sox : RHP Christopher DiLorenzo
|
|
Batting: RHB Archie Amerson
|
0-0: Called Strike 0-1: Swinging Strike 0-2: Ball 1-2: Strikes out swinging
|
|
Batting: RHB Ivan Calderon
|
0-0: Foul Ball, location: 2F 0-1: Ball 1-1: Called Strike 1-2: Ball 2-2: SINGLE (Line Drive, 56, EV 105.0 MPH)
|
|
Batting: RHB Amos Lewis
|
0-0: Ball 1-0: Swinging Strike 1-1: Called Strike Ivan Calderon steals 2nd base 1-2: Foul Ball, location: 2F 1-2: Fly out, F8 (Line Drive, 8RM, EV 93.1 MPH)
|
|
Batting: RHB Ed Hearn
|
0-0: Ball 1-0: SINGLE (Groundball, 6MD, EV 105.0 MPH) Ivan Calderon to third Runner from 3rd tries for Home, SAFE, throw by CF to home Ed Hearn to second
|
|
Pitching: RHP Denny Schafer
|
|
|
Batting: RHB Larry Hamilton
|
0-0: Ball 1-0: Ball 2-0: Foul Ball, location: 2F 2-1: Ground out 4-3 (Groundball, 4, EV 85.6 MPH)
|
| Top of the 3rd over - 1 run, 2 hits, 0 errors, 1 left on base; San Antonio 1 - Amarillo 2 |
| BOTTOM OF THE 3RD |
|
Amarillo Gold Sox batting - Pitching for San Antonio Missions : RHP Gordon Crane
|
|
Batting: RHB Todd Smith
|
0-0: Ground out 5-3 (Groundball, 5L, EV 101.3 MPH)
|
|
Batting: SHB Mike Felder
|
0-0: Foul Ball, location: 2F 0-1: Called Strike 0-2: Ball 1-2: Foul Ball, location: 2F 1-2: Foul Ball, location: 2F 1-2: Foul Ball, location: 2F 1-2: Foul Ball, location: 2F 1-2: Ball 2-2: Foul Ball, location: 2F 2-2: Ground out 6-3 (Groundball, 6, EV 101.9 MPH)
|
|
Batting: LHB Hector Arroyo
|
0-0: Ball 1-0: Ground out 1-3 (Groundball, 13S, EV 67.5 MPH)
|
| Bottom of the 3rd over - 0 runs, 0 hits, 0 errors, 0 left on base; San Antonio 1 - Amarillo 2 |
| TOP OF THE 4TH |
|
San Antonio Missions batting - Pitching for Amarillo Gold Sox : RHP Denny Schafer
|
|
Batting: LHB Lee Pruitt
|
0-0: Ball 1-0: Fly out, F7 (Flyball, 7S, EV 77.5 MPH)
|
|
Batting: RHB Jack Clark
|
0-0: Ball 1-0: Ball 2-0: Called Strike 2-1: Ball 3-1: Base on Balls
|
|
Batting: LHB Jerold Johnston
|
0-0: Ball 1-0: Foul Ball, location: 2F 1-1: Foul Ball, location: 2F 1-2: Reached on error, E1 (Groundball, P, EV 66.9 MPH) Jack Clark to second
|
|
Batting: LHB Matt Nokes
|
0-0: Ball 1-0: Fly out, F9 (Flyball, 9S, EV 87.5 MPH)
|
|
Batting: RHB Archie Amerson
|
0-0: Called Strike 0-1: Called Strike 0-2: Ball 1-2: Strikes out swinging
|
| Top of the 4th over - 0 runs, 0 hits, 1 error, 2 left on base; San Antonio 1 - Amarillo 2 |
| BOTTOM OF THE 4TH |
|
Amarillo Gold Sox batting - Pitching for San Antonio Missions : RHP Gordon Crane
|
|
Batting: SHB Al Newman
|
0-0: Foul Ball, location: 2F 0-1: Ball 1-1: Ball 2-1: Foul Ball, location: 2F 2-2: Foul Ball, location: 2F 2-2: Foul Ball, location: 2F 2-2: Ground out 4-3 (Groundball, 4, EV 85.6 MPH)
|
|
Batting: RHB Bill Pecota
|
0-0: Called Strike 0-1: Foul Ball, location: 2F 0-2: Ball 1-2: Ball 2-2: Ball 3-2: Ground out 6-3 (Groundball, 6D, EV 103.8 MPH)
|
|
Batting: SHB Steve Jeltz
|
0-0: SINGLE (Line Drive, 78S, EV 100.6 MPH)
|
|
Batting: LHB Derwin McNealy
|
0-0: Called Strike 0-1: Ball 1-1: Foul Ball, location: 2F 1-2: SINGLE (Groundball, 6MD, EV 93.8 MPH) Steve Jeltz to second Steve Jeltz to third
|
|
Batting: RHB Chino Cadahia
|
0-0: Ball 1-0: Ground out 5-3 (Groundball, 5S, EV 61.9 MPH)
|
| Bottom of the 4th over - 0 runs, 2 hits, 0 errors, 2 left on base; San Antonio 1 - Amarillo 2 |
| TOP OF THE 5TH |
|
San Antonio Missions batting - Pitching for Amarillo Gold Sox : RHP Denny Schafer
|
|
Batting: RHB Ivan Calderon
|
0-0: Ball 1-0: Ball 2-0: Ball 3-0: Base on Balls
|
|
Batting: RHB Amos Lewis
|
0-0: Ball 1-0: Foul Ball, location: 2F 1-1: Ball 2-1: Called Strike 2-2: Fly out, F3 (Popup, 34S, EV 81.3 MPH)
|
|
Batting: RHB Ed Hearn
|
0-0: Ball 1-0: Called Strike 1-1: Ball 2-1: Called Strike 2-2: Fly out, F8 (Line Drive, 8RM, EV 95.0 MPH)
|
|
Batting: RHB Larry Hamilton
|
0-0: Ball 1-0: Foul Ball, location: 2F 1-1: Foul Ball, location: 2F 1-2: Fielders Choice at 2nd, 5-4 (Groundball, 56, EV 108.1 MPH)
|
| Top of the 5th over - 0 runs, 0 hits, 0 errors, 1 left on base; San Antonio 1 - Amarillo 2 |
| BOTTOM OF THE 5TH |
|
Amarillo Gold Sox batting - Pitching for San Antonio Missions : RHP Gordon Crane
|
|
Batting: RHB Vic Alvarado
|
0-0: Ball 1-0: Called Strike 1-1: Ball 2-1: SINGLE (Line Drive, 4MD, EV 108.8 MPH)
|
|
Batting: RHB Todd Smith
|
0-0: Ball 1-0: Ball 2-0: Called Strike 2-1: Foul Ball, location: 2F 2-2: Fly out, F3 (Line Drive, 3, EV 72.5 MPH)
|
|
Batting: SHB Mike Felder
|
0-0: Called Strike Vic Alvarado steals 2nd, throwing error, E2 Vic Alvarado to third 0-1: Ground out 5-3 (Groundball, 5, EV 78.8 MPH)
|
|
Batting: LHB Hector Arroyo
|
0-0: Swinging Strike 0-1: Ground out U3 (Groundball, 3, EV 88.8 MPH)
|
| Bottom of the 5th over - 0 runs, 1 hit, 1 error, 1 left on base; San Antonio 1 - Amarillo 2 |
| TOP OF THE 6TH |
|
San Antonio Missions batting - Pitching for Amarillo Gold Sox : RHP Denny Schafer
|
|
Batting: LHB Lee Pruitt
|
0-0: Called Strike 0-1: Ball 1-1: Ball 2-1: Ball 3-1: Base on Balls
|
|
Batting: RHB Jack Clark
|
0-0: Called Strike 0-1: Ground out 5-3 (Groundball, 56S, EV 67.5 MPH) Lee Pruitt to second
|
|
Batting: LHB Jerold Johnston
|
0-0: Ball 1-0: Ball 2-0: Foul Ball, location: 2F 2-1: SINGLE (Line Drive, 6MD, EV 107.5 MPH) Lee Pruitt to third Runner from 3rd tries for Home, SAFE, throw by CF to home
|
|
Batting: LHB Matt Nokes
|
0-0: Ball 1-0: Foul Ball, location: 2F 1-1: Foul Ball, location: 2F 1-2: SINGLE (Flyball, 56D, EV 90.6 MPH) Jerold Johnston to second
|
|
Batting: RHB Archie Amerson
|
0-0: Called Strike 0-1: Swinging Strike 0-2: Strikes out swinging
|
|
Batting: RHB Ivan Calderon
|
0-0: Called Strike 0-1: Foul Ball, location: 2F 0-2: 3-RUN HOME RUN (Flyball, 7D, EV 93.1 MPH), Distance : 374 ft
|
|
Pitching: RHP Charles Schupp
|
|
|
Batting: RHB Amos Lewis
|
0-0: Ball 1-0: Ground out 5-3 (Groundball, 56S, EV 91.3 MPH)
|
| Top of the 6th over - 4 runs, 3 hits, 0 errors, 0 left on base; San Antonio 5 - Amarillo 2 |
| BOTTOM OF THE 6TH |
|
Amarillo Gold Sox batting - Pitching for San Antonio Missions : RHP Gordon Crane
|
|
Batting: SHB Al Newman
|
0-0: Called Strike 0-1: Ball 1-1: Swinging Strike 1-2: Ground out 4-3 (Groundball, 4, EV 83.1 MPH)
|
|
Batting: RHB Bill Pecota
|
0-0: Ball 1-0: Ball 2-0: Ball 3-0: Base on Balls
|
|
Batting: SHB Steve Jeltz
|
0-0: Ball 1-0: Called Strike 1-1: Ball 2-1: Swinging Strike 2-2: Ball 3-2: Base on Balls Bill Pecota to second
|
|
Batting: LHB Derwin McNealy
|
0-0: Called Strike 0-1: SINGLE (Groundball, 34D, EV 102.5 MPH) Bill Pecota to third Steve Jeltz to second Runner from 3rd tries for Home, SAFE, throw by RF to home
|
|
Batting: RHB Chino Cadahia
|
0-0: Fielders Choice at 2nd, 5-4 (Groundball, 56, EV 83.1 MPH) Steve Jeltz to third
|
|
Batting: RHB Vic Alvarado
|
0-0: Swinging Strike 0-1: Ball 1-1: Ball 2-1: Ground out U3 (Groundball, 3, EV 107.5 MPH)
|
| Bottom of the 6th over - 1 run, 1 hit, 0 errors, 2 left on base; San Antonio 5 - Amarillo 3 |
| TOP OF THE 7TH |
|
San Antonio Missions batting - Pitching for Amarillo Gold Sox : RHP Charles Schupp
|
|
Batting: RHB Ed Hearn
|
0-0: Called Strike 0-1: Ball 1-1: Swinging Strike 1-2: Strikes out swinging
|
|
Batting: RHB Larry Hamilton
|
0-0: Ball 1-0: Ball 2-0: Foul Ball, location: 2F 2-1: Ground out 6-3 (Groundball, 6, EV 85.0 MPH)
|
|
Batting: LHB Lee Pruitt
|
0-0: Called Strike 0-1: Ball 1-1: Foul Ball, location: 2F 1-2: Fly out, F7 (Flyball, 78M, EV 88.1 MPH)
|
| Top of the 7th over - 0 runs, 0 hits, 0 errors, 0 left on base; San Antonio 5 - Amarillo 3 |
| BOTTOM OF THE 7TH |
|
Amarillo Gold Sox batting - Pitching for San Antonio Missions : RHP Gordon Crane
|
|
Batting: RHB Todd Smith
|
0-0: Ball 1-0: Ground out U3 (Groundball, 34S, EV 91.9 MPH)
|
|
Batting: SHB Mike Felder
|
0-0: Ball 1-0: Ball 2-0: Foul Ball, location: 2F 2-1: Ball 3-1: Called Strike 3-2: DOUBLE (Flyball, 89D, EV 98.8 MPH)
|
|
Batting: LHB Hector Arroyo
|
0-0: Ball 1-0: Ball 2-0: SINGLE (Line Drive, 34, EV 101.3 MPH) Mike Felder to third Runner from 3rd tries for Home, SAFE, throw by RF to home Hector Arroyo to second
|
|
Batting: SHB Al Newman
|
0-0: Foul Ball, location: 2F 0-1: Ball 1-1: Called Strike 1-2: Ground out 6-3 (Groundball, 6M, EV 83.1 MPH) Hector Arroyo to third
|
|
Batting: RHB Bill Pecota
|
0-0: Ground out 6-3 (Groundball, 6, EV 107.5 MPH)
|
| Bottom of the 7th over - 1 run, 2 hits, 0 errors, 1 left on base; San Antonio 5 - Amarillo 4 |
| TOP OF THE 8TH |
|
San Antonio Missions batting - Pitching for Amarillo Gold Sox : RHP Charles Schupp
|
|
Batting: RHB Jack Clark
|
0-0: Called Strike 0-1: Swinging Strike 0-2: Ball 1-2: Strikes out swinging
|
|
Batting: LHB Jerold Johnston
|
0-0: Ball 1-0: Called Strike 1-1: Foul Ball, location: 2F 1-2: Foul Ball, location: 2F 1-2: Ball 2-2: Foul Ball, location: 2F 2-2: Ball 3-2: SINGLE (Line Drive, 89S, EV 93.8 MPH)
|
|
Batting: LHB Matt Nokes
|
0-0: Ball 1-0: Swinging Strike 1-1: Ball 2-1: Ball 3-1: Fly out, F8 (Flyball, 78D, EV 101.9 MPH)
|
|
Batting: RHB Archie Amerson
|
0-0: Ball 1-0: Foul Ball, location: 2F 1-1: Foul Ball, location: 2F 1-2: Reached on error, E6 (Groundball, 6, EV 79.4 MPH) Jerold Johnston to second
|
|
Batting: RHB Ivan Calderon
|
0-0: Called Strike 0-1: Ball 1-1: Ball 2-1: Foul Ball, location: 2F 2-2: SINGLE (Groundball, 56S, EV 75.0 MPH) (infield hit) Jerold Johnston to third Archie Amerson to second
|
|
Pitching: RHP Luis Peralta
|
|
|
Batting: RHB Amos Lewis
|
0-0: Fielders Choice at 2nd, 6-4 (Groundball, 6, EV 100.6 MPH)
|
| Top of the 8th over - 0 runs, 2 hits, 1 error, 3 left on base; San Antonio 5 - Amarillo 4 |
| BOTTOM OF THE 8TH |
|
Amarillo Gold Sox batting - Pitching for San Antonio Missions : RHP Gordon Crane
|
|
Batting: SHB Steve Jeltz
|
0-0: Called Strike 0-1: Called Strike 0-2: Ball 1-2: Ball 2-2: SINGLE (Groundball, 6D, EV 105.6 MPH)
|
|
Batting: LHB Derwin McNealy
|
0-0: Bunt missed! 0-1: Ball 1-1: Bunt missed! 1-2: Ball 2-2: DOUBLE (Flyball, 78D, EV 115.0 MPH) Steve Jeltz to third
|
|
Batting: RHB Chino Cadahia
|
0-0: Called Strike 0-1: Ball 1-1: Ball 2-1: SINGLE (Line Drive, 5D, EV 100.0 MPH) Steve Jeltz scores Derwin McNealy to third Runner from 3rd tries for Home, SAFE, throw by LF to home
|
|
Pitching: RHP Edward Arkema
|
|
|
Batting: RHB Vic Alvarado
|
0-0: Bunt missed! 0-1: Ball 1-1: Bunt missed! 1-2: Grounds into double play, 4-6-3 (Groundball, 34, EV 89.4 MPH)
|
|
Batting: RHB Todd Smith
|
0-0: Swinging Strike 0-1: Foul Ball, location: 2F 0-2: Ground out U3 (Groundball, 3L, EV 97.5 MPH)
|
| Bottom of the 8th over - 2 runs, 3 hits, 0 errors, 0 left on base; San Antonio 5 - Amarillo 6 |
| TOP OF THE 9TH |
|
San Antonio Missions batting - Pitching for Amarillo Gold Sox : RHP Luis Peralta
|
|
Pitching: RHP Joel Finch
|
|
|
Batting: RHB Ed Hearn
|
0-0: Ground out 1-3 (Groundball, 13, EV 70.0 MPH)
|
|
Batting: RHB Larry Hamilton
|
0-0: Ball 1-0: Ball 2-0: Ball 3-0: Base on Balls
|
|
Pinch Runner at 1st Jose Moreno:
|
|
|
Batting: LHB Lee Pruitt
|
0-0: Ground out 6-3 (Groundball, P, EV 82.5 MPH) Jose Moreno to second
|
|
Pinch Hitting: RHB Andrew Walker
|
0-0: Ball 1-0: Foul Ball, location: 2F 1-1: Foul Ball, location: 2F 1-2: Ball 2-2: Ball 3-2: Strikes out swinging
|
| Top of the 9th over - 0 runs, 0 hits, 0 errors, 1 left on base; San Antonio 5 - Amarillo 6 |
|